← All builds
Geo sea / Armada / Economy first / OBSERVED BUILD

Standard geo sea

Armada Geo sea build order · Supreme Isthmus

The role's baseline: bot lab then shipyard in the cove, early destroyer and submarine to contest the sea, with geothermal powering the economy as the game transitions into a naval/amphibious mix.

Usually shipyard in the cove (88%)

#naval #eco · 1430 distinct matches · 179 players · 78% of Armada Geo sea games · team won 54% of 1587 · Recently observed

HOW TO PLAY IT

Key timing: Shipyard by 3:12

  1. Open 3 mex and wind, then drop Bot Lab by 1:12.
  2. Build Shipyard in the cove to start the naval contest.
  3. Pump submarine then destroyer to contest enemy sea entry.
  4. Add geothermal powerplant to fund the economy transition.
  5. Upgrade to Advanced Metal Extractor as eco scaling finishes.

Phase by phase

TYPICAL OF ITS 1430 GAMES
  1. 1
  2. 2
  3. 3
  4. 4
PLAY THE OPENING

Follow the example game's first 6:00 step by step: what to build now, what comes next, and where it goes. At 1× it keeps pace with your own game.

  1. 1

    Up to the Bot Lab

    Economy
    • Metal Extractor3Mex
    • Wind Turbine3Wind
    Order
    1. Bot LabBot Lab after 3 mex, 3 winddone ~1:12, middle half 1:06–1:18

    Some games also: wind for allies (46%)

    By 0:55 in all: 3 mex · 3 wind

    The example game in this phase · 3 steps
    1. Mex ×3
    2. Wind ×3
    3. Bot LabBot Labdone 1:06 · typical 1:12
  2. 2

    Bot Lab to Shipyard

    Economy
    • Metal Extractor1Mex
    • Wind Turbine1Wind
    Order
    1. ShipyardShipyard after 4 mex, 4 winddone ~3:11, middle half 2:48–3:37
    Builders
    • Construction Bot3 Con bot
    • Lazarus2 Lazarus

    Some games also: pawn (41%) · con turret (39%) · crossbow (38%)

    By 2:47 in all: 4 mex · 4 wind

    The example game in this phase · 21 steps
    1. LazarusLazarus
    2. Wind
    3. Construction BotCon bot
    4. Wind
    5. Construction BotCon bot
    6. Wind
    7. Construction BotCon bot
    8. Wind ×2
    9. LazarusLazarus ×2
    10. Converter
    11. Mex
    12. Con turret
    13. LazarusLazarus ×2
    14. Con turret
    15. Mex
    16. Energy storage
    17. Construction BotCon bot
    18. Mex
    19. Energy storage
    20. PawnPawn ×3
    21. ShipyardShipyarddone 4:02 · typical 3:11
  3. 3

    Shipyard to 5:00

    Economy
    • Metal Extractor4Mex
    • Wind Turbine2Wind
    Order
    1. Bot LabEat Bot Lab
    Builders
    • Construction Ship1 Con ship
    Army
    • Dolphin3 Dolphin
    • Skater1 Skater
    Other
    • Radar Tower1 Radar Tower

    Some games also: destroyer (47%) · submarine (45%) · Sentry (44%) · converter (33%) · con turret (32%)

    By 5:00 in all: 8 mex · 7 wind · 1 energy storage · 1 con turret

    The example game in this phase · 25 steps
    1. PawnPawn
    2. SentrySentry
    3. PawnPawn
    4. Mex
    5. Wind
    6. SentrySentry
    7. Naval Energy Converter
    8. PawnPawn
    9. Wind
    10. DolphinDolphin
    11. PawnPawn
    12. Naval Energy Converter
    13. Wind
    14. Mex
    15. PawnPawn
    16. Wind
    17. Geothermal PowerplantGeodone 6:22 · typical 7:54
    18. DolphinDolphin
    19. Grim ReaperGrim Reaper
    20. DolphinDolphin
    21. Construction ShipCon ship
    22. Wind
    23. NettleNettle
    24. Wind
    25. DolphinDolphin
  4. 4

    5:00 to 10:00

    Economy
    • Metal Extractor2Mex
    • Wind Turbine12Wind
    • Energy Converter3Converter
    Builders
    • Construction Turret1 Con turret
    • Grim Reaper1 Grim Reaper
    • Construction Ship1 Con ship
    Army
    • Sentry1 Sentry
    • Dolphin4 Dolphin
    • Skater2 Skater
    • Corsair2 Destroyer

    Some games also: geo (42%) · Harpoon (42%) · frigate (42%) · Naval Construction Turret (35%) · submarine (30%)

    By 10:00 in all: 11 mex · 20 wind · 1 geo · 4 converter · 1 energy storage · 2 con turret

    The example game in this phase · 95 steps
    1. Wind
    2. DolphinDolphin
    3. NettleNettle
    4. Wind
    5. Naval Energy Converter
    6. PawnPawn
    7. Wind
    8. DolphinDolphin
    9. Naval Energy Converter
    10. PawnPawn
    11. Wind ×2
    12. SentrySentry
    13. DolphinDolphin
    14. Mex
    15. Wind ×2
    16. Bot LabEat Bot Labreclaimed for its metal
    17. SentrySentry
    18. Wind
    19. DolphinDolphin
    20. Mex
    21. SentrySentry
    22. Wind
    23. SentrySentry
    24. Converter
    25. Wind
    26. SentrySentry
    27. Wind
    28. Converter
    29. Wind
    30. DolphinDolphin
    31. SentrySentry
    32. Converter ×2
    33. Wind
    34. SentrySentry
    35. DolphinDolphin
    36. Wind ×2
    37. Converter
    38. Mex
    39. Wind
    40. DolphinDolphin
    41. Converter
    42. Wind
    43. DolphinDolphin
    44. Wind
    45. Converter
    46. Wind
    47. SentrySentry
    48. Construction ShipCon ship
    49. Converter
    50. Wind ×2
    51. EllysawFrigate
    52. Converter
    53. Naval Radar / Sonar TowerNaval Radar / Sonar Tower
    54. Naval Construction Turret
    55. Wind
    56. Converter
    57. EllysawFrigate
    58. Wind
    59. Converter
    60. BeamerBeamer
    61. Wind
    62. SkaterSkater
    63. Wind
    64. Naval NettleNaval Nettle
    65. CorsairDestroyerdone 8:33 · typical 5:41
    66. Converter
    67. Wind ×3
    68. Advanced Metal ExtractorT2 mexdone 9:19 · typical 9:20
    69. Wind
    70. Construction ShipCon ship
    71. EllysawFrigate
    72. Wind
    73. EllysawFrigate
    74. Naval Radar / Sonar TowerNaval Radar / Sonar Tower
    75. SkaterSkater
    76. Wind
    77. Advanced Metal ExtractorT2 mex
    78. CorsairDestroyer
    79. ThugThug ×2for Suicide front
    80. Wind
    81. ThugThugfor Suicide front
    82. Naval Radar / Sonar TowerNaval Radar / Sonar Tower
    83. Advanced Metal ExtractorT2 mex
    84. Wind
    85. EllysawFrigate
    86. Radar TowerRadar Tower
    87. Naval Radar / Sonar TowerNaval Radar / Sonar Tower
    88. Grim ReaperGrim Reaper
    89. Wind
    90. EllysawFrigate
    91. Wind ×2
    92. SkaterSkater
    93. Wind
    94. CorsairDestroyer
    95. Wind

Counts are medians over the build's games: half of them build more, half fewer. The example game is LegionMC's (32 OS, 15/10/2026); pick another.

Team trades

IN AT LEAST 30% OF ITS GAMES

You hand over

  • Wind Turbine2 Wind to Airfirst at 1:40 · in 64% of games

You get

  • Finch1 Finch from Airfirst at 1:53 · in 74% of games
  • Hercules1 Light transport from Airfirst at 2:04 · in 65% of games
  • Advanced Construction Bot1 T2 con bot from Techfirst at 7:43 · in 90% of games

How it plays out

Typical game of this build, running totals by minute

Metal produced

010k20k30k
0:005:0010:0015:00

metal

Enemy metal destroyed

05k10k
0:005:0010:0015:00

metal

Own metal lost

02.5k5k7.5k
0:005:0010:0015:00

metal

1587 games.

Show as table
ByMetal produced: This buildEnemy metal destroyed: This buildOwn metal lost: This build
1:0039500
2:0092800
3:00159900
4:002877040
5:00412719052
6:005516531292
7:007058990622
8:00872616781030
9:001059824521588
10:001281533642230
11:001541544353093
12:001852154683757
13:002186264554570
14:002551075525361
15:002916684756105
WHAT THE NUMBERS SAY

Standard Geo sea play wins slightly less than half the time but builds a strong metal base by 15:00 with moderate losses.

  • + Metal produced reaches 29210 by 15:00, well above Beach sea's early pace.
  • + Corsair (destroyer) makes up 34% of army, a clear naval focus.
  • − Own metal lost climbs to 6339 by 15:00 from sea skirmishes.
  • − Geothermal only completes in 58% of games, an inconsistent power spike.
THE EXAMPLE YOU ARE READING

LegionMC

32.4 OS · 15/10/2026

Open source match ↗

3 received units · includes a constructor
914 metal received · 28076 energy received

Allied construction assistance is unknown. Timings are observations, not a promise of solo reproducibility.

Typical milestones

Bot Lab1:12Middle 50%: 1:06–1:18 · n=1543
Shipyard3:11Middle 50%: 2:48–3:37 · n=1566
Eel4:29Middle 50%: 3:46–5:37 · n=974
Corsair5:41Middle 50%: 4:57–6:40 · n=1461
Geothermal Powerplant7:54Middle 50%: 6:49–9:30 · n=1012
Advanced Metal Extractor9:20Middle 50%: 8:38–10:09 · n=1391

Played most by

_X_137games of this buildJesterB71games of this buildOptimusprimenutt61games of this buildhaaven55games of this buildpyrothraxus51games of this build
Standard geo sea · Armada Geo sea build order · BAR Build Atlas